 Dungeon Crawl Stone Soup version 0.21-a0-265-gb353147 (webtiles) character file.

70 TheGoonsmith the Chopper (level 4, -1/40 HPs)
             Began as a Hill Orc Monk on Sept 11, 2017.
             Slain by an orc priest
             ... wielding a +0 hand axe
              (6 damage)
             ... on level 3 of the Dungeon.
             The game lasted 00:02:59 (2133 turns).

TheGoonsmith the Chopper (Hill Orc Monk)            Turns: 2133, Time: 00:03:00

Health: -1/40      AC:  6    Str: 14    XL:     4   Next: 22%
Magic:  4/4        EV: 10    Int: 10    God:
Gold:   72         SH:  0    Dex: 13    Spells: 3/3 levels left

rFire    . . .     SeeInvis .   a - +0 hand axe
rCold    . . .     Gourm    .   (no shield)
rNeg     . . .     Faith    .   j - +0 scale mail
rPois    .         Spirit   .   (no helmet)
rElec    .         Reflect  .   (no cloak)
rCorr    .         Harm     .   (no gloves)
MR       .....                  (no boots)
Stlth    ..........             (no amulet)
HPRegen  0.13/turn              (no ring)
MPRegen  0.09/turn              (no ring)

@: no status effects
A: no striking features
a: Convert to Beogh


You were on level 3 of the Dungeon.
You were not hungry.

You visited 1 branch of the dungeon, and saw 3 of its levels.

You collected 72 gold pieces.

Inventory:

Hand Weapons
 a - a +0 hand axe (weapon)
Armour
 b - a +0 robe
 j - a +0 scale mail (worn)
Jewellery
 f - a +4 amulet of reflection {unknown}
 n - an uncursed ring of fire {unknown}
Scrolls
 e - a scroll of fog {unknown}
 g - 6 scrolls of identify {unknown}
 k - a scroll of immolation {unknown}
 m - a scroll of remove curse {unknown}
 o - a scroll of amnesia {unknown}
 p - a scroll of teleportation {unknown}
 r - a scroll of random uselessness {unknown}
Potions
 d - a potion of agility {unknown}
 h - 2 potions of cancellation
 i - a potion of berserk rage {unknown}
 l - a potion of mutation {unknown}
 q - a potion of lignification {unknown}
Comestibles
 c - 2 bread rations


   Skills:
 + Level 4.2 Fighting
 * Level 6.0 Axes
 - Level 2.4 Dodging
 - Level 1.5 Stealth


You had 3 spell levels left.
You didn't know any spells.

Dungeon Overview and Level Annotations

Branches:
Dungeon (3/15)

Altars:


Message History

You closely miss the orc. You closely miss the orc priest.
The orc priest calls down the wrath of Beogh upon you.
You barely resist. The orc barely misses you. The orc priest barely misses you.
Unknown command.
You slash the orc priest!
The orc priest is severely wounded.
You hit the orc priest.
Your scale mail prevents you from hitting the orc.
The orc priest invokes the aid of Beogh against you.
Beogh smites you!
* * * LOW HITPOINT WARNING * * *
The orc hits you but does no damage.
The orc priest hits you but does no damage.
Okay, then.
Okay, then.
It was a potion of cancellation.
You feel magically purged. The orc priest barely misses you.
The orc hits you with a hand axe.
* * * LOW HITPOINT WARNING * * *
The orc priest hits you with a hand axe.
You die...

######### ###.......#
####### .......(..###
#...... #.!#$)....#
#.#####
#..#.##.#.###.#####
#....##.#[.......##
#.##.......#####.##.##
#...o@..##.# #.##.##
#...oo.....# #......
#.#...#.#### ######.
#......... #.
........#.# #.
.............. #.
........... ... ###.
####.....## .. #...
#.#.


You could see 2 orc priests and an orc.

Vanquished Creatures
  An adder (D:2)
  2 dart slugs (D:1)
  4 leopard geckos
  2 orcs (D:3)
  8 bats
  A giant cockroach (D:1)
  4 goblins
  7 hobgoblins
  5 jackals (D:1)
  5 kobolds
  A quokka (D:2)
  2 frilled lizards (D:1)
  5 rats
47 creatures vanquished.

Notes
Turn   | Place    | Note
-------+----------+-------------------------------------------
     0 | D:1      | TheGoonsmith the Hill Orc Monk began the quest for the Orb.
     0 | D:1      | Reached XP level 1. HP: 19/19 MP: 1/1
   290 | D:1      | Reached XP level 2. HP: 26/27 MP: 2/2
   538 | D:1      | Reached skill level 5 in Axes
   784 | D:1      | Reached XP level 3. HP: 33/33 MP: 3/3
  1601 | D:2      | Reached XP level 4. HP: 38/40 MP: 4/4
  2121 | D:3      | Reached skill level 6 in Axes
  2133 | D:3      | Slain by an orc priest

Vault maps used:
D:1:      nicolae_arrival_washed_ashore
D:3:      marbit_many_paths, first_bread, uniq_robin

Skill      XL: |  1  2  3  4 |
---------------+-------------+-----
Axes           | 5 6 |  6.0
Fighting       | 4 |  4.2
Dodging        | |  2.4
Stealth        | |  1.5

Action                   |  1- 3 |  4- 6 || total
-------------------------+-------+-------++-------
Melee: Hand axe          |   122 |    29 ||   151
  Use: Potion            |       |     1 ||     1
 Stab: Sleeping          |     1 |       ||     1
  Eat: Chunk             |     2 |       ||     2
       Bread ration      |       |     1 ||     1
Armor: Robe              |    11 |       ||    11
       Scale mail        |    29 |    13 ||    42
Dodge: Dodged            |    93 |    27 ||   120

Table legend:
 A = Spawn XP
 B = Non-spawn XP
 C = Spawn XP percentage of total XP
 D = Spawn monster count
 E = Non-spawn monster count
 F = Spawn count percentage of total count
 G = Total turns spent on level
                    A         B        C        D         E        F      G
               +---------+---------+-------+---------+---------+-------+---------
         Total |       0 |     101 |   0.0 |       0 |      47 |   0.0 |  2133
               +---------+---------+-------+---------+---------+-------+---------
           D:1 |       0 |      50 |   0.0 |       0 |      27 |   0.0 |  1430
           D:2 |       0 |      38 |   0.0 |       0 |      14 |   0.0 |   631
           D:3 |       0 |      13 |   0.0 |       0 |       6 |   0.0 |    72
               +---------+---------+-------+---------+---------+-------+---------
